 Dungeon Crawl Stone Soup version 0.31-a0-664-g902f515a81 (webtiles) character file.

Game seed: 2788992841919900382

90 Descartes the Shield-Bearer (level 4, 0/24 HPs)
             Began as a Vine Stalker Fighter on Sept 2, 2023.
             Slain by Crazy Yiuf
             ... wielding a +4 quarterstaff of chaos
              (9 damage)
             ... on level 2 of the Dungeon.
             The game lasted 00:03:56 (1729 turns).

Descartes the Shield-Bearer (Vine Stalker Fighter)  Turns: 1729, Time: 00:03:57

Health: 0/24       AC:  9    Str: 21    XL:     4   Next: 56%
Magic:  0/6        EV:  9    Int:  8    God:
Gold:   104        SH:  4    Dex: 13    Spells: 5/5 levels left

rFire   . . .        p - +2 long sword (vamp)
rCold   . . .        c - +0 buckler
rNeg    . . .        b - +0 scale mail
rPois   .            h - +2 hat
rElec   .            (no cloak)
rCorr   .            n - +0 pair of gloves
SInv    .            (no boots)
Will    .....        (no amulet) Stlth
                     (no ring)
HPRegen 1.04/turn    (no ring)
MPRegen 0.10/turn

%: guardian spirit
@: no status effects
A: fangs 2, regeneration 1, magic shield, antimagic bite, no potion heal 2
a: no special abilities


You were on level 2 of the Dungeon.
You visited 1 branch of the dungeon, and saw 2 of its levels.

You collected 104 gold pieces.

Inventory:

Hand Weapons
 a - a +0 war axe
 p - a +2 vampiric long sword (weapon)
Armour
 b - a +0 scale mail (worn)
 c - a +0 buckler (worn)
 h - a +2 hat (worn)
 n - a +0 pair of gloves (worn)
Scrolls
 i - a scroll of revelation {unknown}
 j - a scroll of immolation {unknown}
 k - a scroll of identify {unknown}
 l - a scroll of fog {unknown}
 o - a scroll of poison {unknown}
 r - a scroll of teleportation {unknown}
Potions
 d - a potion of might
 e - a potion of resistance {unknown}
 f - a potion of attraction {unknown}
 g - a potion of ambrosia {unknown}
 m - a potion of curing {unknown}
 q - a potion of berserk rage {unknown}


   Skills:
 + Level 3.1 Fighting
 + Level 0.3 Long Blades
 - Level 2.2 Axes
 + Level 2.8 Armour
 + Level 3.1 Shields
 + Level 1.3 Spellcasting
 + Level 1.1 Evocations


You had 5 spell levels left.
You didn't know any spells.
Your spell library contained the following spells:

 Spells                   Type           Power      Damage    Failure   Level
 Blink                    Tloc           0%         N/A       90%         2
 Lesser Beckoning         Tloc           0%         N/A       90%         2
 Momentum Strike          Conj/Tloc      0%         3d8       90%         2


Dungeon Overview and Level Annotations

Branches:
Dungeon (2/15)

Altars:

Shops:
D:2 :

Annotations:
D:2 Crazy Yiuf


Innate Abilities, Weirdness & Mutations

You have extremely sharp teeth.
Your natural rate of healing is unusually fast.
When hurt, damage is shared between your health and your magic reserves.
Your bite disrupts and absorbs the magic of your enemies.
Potions cannot restore your health.


Message History

You hit the worm. You bite the worm. You drain its power.
The worm is heavily wounded.
You block the goblin's attack. The worm bites you but does no damage.
The goblin hits you but does no damage.
You hit the worm but do no damage. You bite the worm. You drain its power.
The worm is severely wounded.
The worm barely misses you. The goblin hits you but does no damage.
You slash the worm!
You kill the worm!
The goblin hits you with a +0 club.
You barely miss the goblin. You bite the goblin.
You kill the goblin!
No target in view!
No target in view!
No target in view!
No target in view!
No target in view!
No target in view!
Things that are here:
a +0 club; a goblin corpse
Found a hammer.
Found a runed translucent door.
Crazy Yiuf screams, "Cod!"
As you open the door, it creaks loudly!
You slash Crazy Yiuf!
Crazy Yiuf is heavily wounded.
Crazy Yiuf hits you with a +4 quarterstaff of chaos.
You are confused.
You barely miss Crazy Yiuf. Your bite misses Crazy Yiuf.
Crazy Yiuf is heavily wounded.
Crazy Yiuf hits you with a +4 quarterstaff of chaos!
You are electrocuted!
Ouch! That really hurt!
* * * LOW HITPOINT WARNING * * *
Crazy Yiuf barely misses you.
You feel less confused.
Crazy Yiuf whimpers, "Fluff!"
Crazy Yiuf screams, "Snower cower ragdoll!"
Crazy Yiuf attacks as he pursues you!
Crazy Yiuf hits you with a +4 quarterstaff of chaos!
You die...

### ♣♣#### #)..#♣♣
♣♣..#.##
#...'.♣♣♣♣......#
#...#♣..♣..g@...## ###
♣♣♣.♣...#...##
♣♣♣♣♣##....###########
#....#.........# ###
#....#.#######..
########## #.#
#.).##.# ###
.........# #.#
##.###.# ########.#
#.# #.# #.# #.# #.#
#.# #.#


You could see Crazy Yiuf.

Vanquished Creatures
  A gnoll (D:1)
  2 adders (D:2)
  2 worms (D:2)
  A dart slug (D:1)
  3 endoplasms
  6 giant cockroaches
  5 goblins
  6 hobgoblins (D:1)
  A quokka (D:2)
  6 ball pythons
  6 bats
  A frilled lizard (D:2)
  8 kobolds
  4 rats
52 creatures vanquished.

Notes
Turn   | Place    | Note
-------+----------+-------------------------------------------
     0 | D:1      | Descartes the Vine Stalker Fighter began the quest for the
                  | Orb.
     0 | D:1      | Reached XP level 1. HP: 11/11 MP: 2/2
    83 | D:1      | Reached XP level 2. HP: 16/16 MP: 3/3
   185 | D:1      | Reached XP level 3. HP: 19/19 MP: 5/5
   326 | D:1      | Reached skill level 1 in Spellcasting
   985 | D:2      | Reached skill level 1 in Evocations
  1022 | D:2      | Reached XP level 4. HP: 23/24 MP: 3/6
  1173 | D:2      | Found Iwin's Book Boutique.
  1716 | D:2      | Found a runed translucent door.
  1717 | D:2      | Noticed Crazy Yiuf
  1722 | D:2      | HP: 1/24 [Crazy Yiuf/+4 quarterstaff of chaos (14)]
  1729 | D:2      | Slain by Crazy Yiuf

Illustrated notes

Levels and vault maps discovered:
D:1:      lightli_arrival_maybe_door_vault, layout_basic, minmay_misc_feat_x,
          due_unseen_surprise
D:2:      layout_loops_ring, serial_shops, nicolae_shop_statue_plus,
          uniq_crazy_yiuf_cottage

Skill      XL: |  1  2  3 |
---------------+----------+-----
Axes           | 2 |  2.2
Spellcasting   | 1 |  1.3
Shields        | 3 |  3.1
Fighting       | 3 |  3.1
Evocations     | 1 |  1.1
Long Blades    | |  0.3
Armour         | |  2.8

Action                     |  1- 3 |  4- 6 || total
---------------------------+-------+-------++-------
  Melee: War axe           |    64 |    20 ||    84
         Bite              |    17 |    13 ||    30
         Long sword        |       |    29 ||    29
 Armour: Scale mail        |    43 |    39 ||    82
  Dodge: Dodged            |    28 |    26 ||    54
  Block: Buckler           |    10 |     6 ||    16

Table legend: (Time is in decaauts)
 A = Elapsed time spent in this place.
 B = Non-inter-level travel time spent in this place.
 C = Inter-level travel time spent in this place.
 D = Time resting spent in this place.
 E = Time spent auto-exploring this place.
 F = Levels seen in this place.
 G = Mean time per level.
                   A        B        C        D        E       F      G
               +--------+--------+--------+--------+--------+-----+--------+
         Total |   1777 |   1704 |     73 |      0 |   1350 |   2 |  888.5 |
       Dungeon |   1777 |   1704 |     73 |      0 |   1350 |   2 |  888.5 |
               +--------+--------+--------+--------+--------+-----+--------+

Top non-repeatable levels by time:
     D:1: 999 daAuts
     D:2: 777 daAuts
